 Dungeon Crawl Stone Soup version 0.17-a0-1572-g7a1422d (console) character file.

99 FIQ the Cudgeler (level 4, 0/44 HPs)
             Began as an Ogre Wanderer on July 26, 2015.
             Slain by Crazy Yiuf
             ... wielding a +3 quarterstaff of chaos
              (6 damage)
             ... on level 2 of the Dungeon.
             The game lasted 00:05:52 (1640 turns).

FIQ the Cudgeler (Ogre Wanderer)                    Turns: 1640, Time: 00:05:52

Health: 0/44       AC:  7    Str: 15    XL:     4   Next: 72%
Magic:  4/4        EV: 10    Int: 10    God:
Gold:   138        SH:  0    Dex: 13    Spells: 0 memorised, 3 levels left

rFire  x . .     SeeInvis +     c - +0 mace
rCold  + . .     Clarity  .     a - +2 robe
rNeg   . . .     SustAt   .     (no shield)
rPois  .         Gourm    .     (helmet restricted)
rElec  .         Spirit   .     g - +1 cloak
rCorr  .         Warding  .     (gloves unavailable)
rMut   .         Stasis   .     (boots unavailable)
MR     .....                    (no amulet)
Stlth  +.........               s - ring of see invisible
                                i - ring of ice

@: drained, not resistant to hostile enchantments, very unstealthy
A: unfitting armour, tough skin 1
a: no special abilities


You were on level 2 of the Dungeon.
You were hungry.

You visited 1 branch of the dungeon, and saw 2 of its levels.

You collected 138 gold pieces.

Inventory:

Hand weapons
 c - a +0 mace (weapon)
Armour
 a - a +2 robe (worn)
 g - a +1 cloak (worn)
Jewellery
 i - a ring of ice (left hand)
 s - a ring of see invisible (right hand)
Scrolls
 b - a scroll of teleportation
 f - 2 scrolls of fear
 h - a scroll of blinking
 m - 2 scrolls of fog
 r - a scroll of identify
Potions
 e - a potion of brilliance
 k - 2 potions of agility
 n - a potion of curing
Comestibles
 d - 3 bread rations
 j - a royal jelly
 l - a slice of pizza
 o - a beef jerky
 p - 4 chunks of flesh
 q - a meat ration


   Skills:
 - Level 2.6(2.2) Fighting
 * Level 7.4(6.8) Maces & Flails
 + Level 2.4(1.9) Dodging
   Level 1.0(0.5) Shields
   Level 1.0(0.5) Evocations


You had 3 spell levels left.
You didn't know any spells.

Dungeon Overview and Level Annotations

Branches:
Dungeon (2/15)

Altars:
Dithmenos
Makhleb
The Shining One

Annotations:
D:2 Crazy Yiuf


Innate Abilities, Weirdness & Mutations

You are too large for most types of armour.
You have tough skin (AC +1).


Message History

You hit Crazy Yiuf but do no damage.
Crazy Yiuf is moderately wounded.
Crazy Yiuf barely misses you.
You miss Crazy Yiuf.
Crazy Yiuf is moderately wounded.
Crazy Yiuf hits you with a quarterstaff of chaos!
* * * LOW HITPOINT WARNING * * *
Space bends around you.
* * * LOW HITPOINT WARNING * * *
You miss Crazy Yiuf.
Crazy Yiuf is moderately wounded.
Crazy Yiuf barely misses you.
You hit Crazy Yiuf.
Crazy Yiuf is moderately wounded.
Crazy Yiuf barely misses you.
You hit Crazy Yiuf.
Crazy Yiuf is moderately wounded.
Crazy Yiuf says, "Cod seventy pontify!"
Crazy Yiuf hits you with a quarterstaff of chaos.
You die...

############
#..........#
#...########
#####...# #.......#
##### ####.....<.#
#..)# ...........#
#...# .......(>..#
#.g.# ...........#
#@# ..##.......#
##.# ..##.......#
#.## ..######..##
##.# #####.....#
#.## ...##.##.##
##.# ...##.##.#
#.P### ....#.##.###
#P.PP# ....#......#
##..##
<...#......###....#
...##.............#


You could see Crazy Yiuf.

Vanquished Creatures
  5 adders (D:2)
  A worm (D:2)
  5 giant geckos
  A ball python (D:2)
  A giant cockroach (D:1)
  7 goblins
  2 hobgoblins
  A quokka (D:2)
  6 bats
  4 giant newts
  8 kobolds
  7 rats
  A fungus (D:2)
49 creatures vanquished.

Notes
Turn   | Place    | Note
--------------------------------------------------------------
     0 | D:1      | FIQ the Ogre Wanderer began the quest for the Orb.
     0 | D:1      | FIQ set off with: a +2 robe, a scroll of teleportation, a +0 mace, a bread ration
     0 | D:1      | Reached XP level 1. HP: 22/22 MP: 1/1
    72 | D:1      | Reached XP level 2. HP: 25/29 MP: 2/2
   123 | D:1      | Reached skill level 6 in Maces & Flails
   308 | D:1      | Found a glowing golden altar of the Shining One.
   514 | D:2      | Reached XP level 3. HP: 23/36 MP: 3/3
  1064 | D:2      | Reached XP level 4. HP: 37/44 MP: 4/4
  1093 | D:2      | Reached skill level 7 in Maces & Flails
  1200 | D:2      | Found a shadowy altar of Dithmenos.
  1419 | D:2      | Found a burning altar of Makhleb.
  1625 | D:2      | Noticed Crazy Yiuf
  1640 | D:2      | Slain by Crazy Yiuf

Vault maps used:
D:1:      lordsloth_arrival_two_stooges, st_stairs_14, tso_metal_star
D:2:      wad_river_or_something, lemuel_coloured_pillars_altar,
          grunt_dithmenos_smoke, uniq_crazy_yiuf_cottage

Action                   |  1- 3 |  4- 6 || total
-------------------------+-------+-------++-------
Melee: Mace              |   118 |    70 ||   188
  Use: Scroll            |     8 |     1 ||     9
 Stab: Sleeping          |     1 |       ||     1
  Eat: Chunk             |     1 |     1 ||     2
